 Dungeon Crawl Stone Soup version 0.28.0-53-g5a82cb258f (webtiles) character file.

Game seed: 8255236821399198245

261828 mattj7820 the Warrior (level 19, -30/159 (174) HPs)
             Began as a Demonspawn Gladiator on June 14, 2022.
             Was the Champion of Ashenzari.
             Killed from afar by a frost giant (42 damage)
             ... with a bolt of cold
             ... on level 2 of the Vaults on June 29, 2022.
             The game lasted 02:57:37 (66187 turns).

mattj7820 the Warrior (Demonspawn Gladiator)       Turns: 66187, Time: 02:57:38

HP:   -30/159 (174) AC: 25    Str: 24    XL:     19   Next: 21%
MP:   19/19         EV: 17    Int: 10    God:    Ashenzari [******]
Gold: 2670          SH:  0    Dex: 15    Spells: 19/19 levels left

rFire   . . .      SeeInvis +   u - +5 demon trident "Celestial Burden" {freeze, Fort, Self} (curse)
rCold   . . .      Faith    .   T - +0 buckler "Behold Eternity" {Alch, Melee} (curse)
rNeg    . . .      Spirit   .   V - +2 chain mail "Disgust of the Sky" {Str+2 SInv, Cun, Fort} (curse)
rPois   .          Reflect  +   c - +0 helmet of Ashenzari's Visionary {Fort, Bglg} (curse)
rElec   .          Harm     .   (cloak unavailable)
rCorr   +          Rampage  .   r - +0 pair of gloves of Ashenzari's Sophism {Range, Elem} (curse)
Will    +++..      Clarity  +   N - +0 pair of boots "Revealing Paranoia" {Range, Cun} (curse)
Stlth   ..........              m - amulet of Ashenzari's Gloom {Reflect SH+5, Comp, Self} (curse)
HPRegen 0.36/turn               q - ring "Eternal Together" {rCorr, Melee, Evo} (curse)
MPRegen 0.16/turn               F - ring "Tethered Affliction" {Will+, Melee, Range} (curse)

@: confused, mighty, ambrosia-drunk, hasted, drained, invisible, very quick
A: thin metallic scales 2, powered by pain 3, condensation shield, demonic
willpower, weakness stinger 3, hooves 1, sense surroundings 1
}: 2/15 runes: decaying, gossamer
a: Renounce Religion, Shatter the Chains


You were on level 2 of the Vaults.
You worshipped Ashenzari.
Ashenzari was exalted by your worship.
You visited 7 branches of the dungeon, and saw 34 of its levels.
You also visited: Ice Cave.

You collected 3208 gold pieces.
You spent 538 gold pieces at shops.

Inventory:

Hand Weapons
 u - the cursed +5 demon trident "Celestial Burden" (weapon) {freeze, Fort, Self}
   (You took it off a red devil on level 2 of the Orcish Mines)

   It freezes those it strikes, dealing additional cold damage.
   It can also slow down cold-blooded creatures.
   It has a curse which improves the following skills: Fortitude: Armour and
   Shields.
   Introspection: Fighting and Spellcasting.
 y - the +9 trident "Zienigung" {vorpal, Dex+3}
   (You found it on level 4 of the Spider Nest)

   It inflicts extra damage upon your enemies.
   Dex:       It affects your dexterity (+3).
 B - the +4 flail of Ru's Indignation {vamp, +Blink rF+ Int-5 Dex+3 SInv}
   (You took it off a goblin on level 8 of the Dungeon)

   It occasionally heals its wielder for a portion of the damage dealt when it
   wounds a living foe.
   Int:       It affects your intelligence (-5).
   Dex:       It affects your dexterity (+3).
   rF:        It protects you from fire.
   SInv:      It lets you see invisible.
   +Blink:    It lets you blink.
Missiles
 d - 2 throwing nets (quivered)
 n - 427 stones
 s - 27 poisoned darts
 Q - 130 sling bullets
Armour
 c - the cursed +0 helmet of Ashenzari's Visionary (worn) {Fort, Bglg}

   It has a curse which improves the following skills: Fortitude: Armour and
   Shields.
   Beguiling: Conjurations, Hexes and Translocations.
 g - the +2 ring mail of the Shoals {rElec rPois Will-}
   (You found it on level 3 of the Spider Nest)

   rElec:     It insulates you from electricity.
   rPois:     It protects you from poison.
   Will:      It decreases your willpower.
 r - the cursed +0 pair of gloves of Ashenzari's Sophism (worn) {Range, Elem}
   (You found it on level 5 of the Dungeon)

   It has a curse which improves the following skills: Ranged Combat: Slings,
   Bows, Crossbows and Throwing.
   Elements:  Fire Magic, Ice Magic, Air Magic and Earth Magic.
 z - an orb of light
 C - +0 swamp dragon scales
 N - the cursed +0 pair of boots "Revealing Paranoia" (worn) {Range, Cun}
   (You found it on level 2 of the Lair of Beasts)

   It has a curse which improves the following skills: Ranged Combat: Slings,
   Bows, Crossbows and Throwing.
   Cunning:   Dodging and Stealth.
 T - the cursed +0 buckler "Behold Eternity" (worn) {Alch, Melee}
   (You found it on level 6 of the Lair of Beasts)

   It has a curse which improves the following skills: Alchemy: Poison Magic and
   Transmutations.
   Melee Combat: Short Blades, Long Blades, Axes, Maces & Flails, Polearms,
   Staves and Unarmed Combat.
 V - the cursed +2 chain mail "Disgust of the Sky" (worn) {Str+2 SInv, Cun, Fort}
   (You found it on level 6 of the Lair of Beasts)

   Str:       It affects your strength (+2).
   SInv:      It lets you see invisible.
   It has a curse which improves the following skills: Cunning: Dodging and
   Stealth.
   Fortitude: Armour and Shields.
Jewellery
 j - a ring of protection from cold
 m - the cursed amulet of Ashenzari's Gloom (around neck) {Reflect SH+5, Comp, Self}
   (You found it on level 2 of the Dungeon)

   [amulet of reflection]

   It reflects blocked missile attacks.
   SH:        It affects your SH (+5).
   It has a curse which improves the following skills: Companions: Summonings
   and Necromancy.
   Introspection: Fighting and Spellcasting.
 p - a ring of magical power
 q - the cursed ring "Eternal Together" (left hand) {rCorr, Melee, Evo}
   (You found it on level 4 of the Dungeon)

   [ring of resist corrosion]

   rCorr:     It protects you from acid and corrosion.
   It has a curse which improves the following skills: Melee Combat: Short
   Blades, Long Blades, Axes, Maces & Flails, Polearms, Staves and Unarmed
   Combat.
   Evocations: Evocations.
 F - the cursed ring "Tethered Affliction" (right hand) {Will+, Melee, Range}
   (You found it on level 10 of the Dungeon)

   [ring of willpower]

   Will:      It increases your willpower.
   It has a curse which improves the following skills: Melee Combat: Short
   Blades, Long Blades, Axes, Maces & Flails, Polearms, Staves and Unarmed
   Combat.
   Ranged Combat: Slings, Bows, Crossbows and Throwing.
 K - an amulet of regeneration
 S - a ring of protection from cold
 W - a ring of positive energy
Wands
 a - a wand of mindburst (7)
 b - a wand of iceblast (10)
 e - a wand of acid (7)
 o - a wand of flame (52)
 v - a wand of digging (2)
 R - a wand of charming (11)
Scrolls
 x - 3 scrolls of enchant weapon
 A - 3 scrolls of amnesia
 H - a scroll of fear
 J - 6 scrolls of magic mapping
 U - a scroll of brand weapon
Potions
 f - 4 potions of mutation
 k - 5 potions of curing
 l - 3 potions of resistance
 t - a potion of invisibility
 D - 4 potions of flight
 E - 3 potions of magic
 G - 6 potions of brilliance
 L - a potion of haste
 M - 3 potions of ambrosia
 P - a potion of might
Miscellaneous
 h - a condenser vane (inert)


   Skills:
 * Level 18.1(21.8) Fighting
 + Level 14.0(19.1) Polearms
 - Level 11.9(17.0) Slings
 - Level 1.7(9.2) Throwing
 + Level 14.1(19.2) Armour
 + Level 14.3(18.2) Dodging
 - Level 2.0(4.8) Stealth
 - Level 1.7(5.0) Shields
 + Level 11.9(14.5) Evocations


You had 19 spell levels left.
You didn't know any spells.
Your spell library contained the following spells:

 Spells                   Type           Power      Damage    Failure   Level
 Shock                    Conj/Air       0%         1d3       80%         1
 Call Imp                 Summ           0%         N/A       91%         2
 Poisonous Vapours        Pois/Air       0%         N/A       91%         2
 Wereblood                Tmut           0%         N/A       91%         2
 Confusing Touch          Hex            0%         N/A       99%         3
 Ignite Poison            Fire/Tmut/Pois 0%         N/A       99%         3
 Mephitic Cloud           Conj/Pois/Air  0%         N/A       99%         3
 Ozocubu's Armour         Ice            0%         N/A       99%         3
 Summon Guardian Golem    Hex/Summ       0%         N/A       99%         3
 Swiftness                Air            0%         N/A       99%         3
 Airstrike                Air            0%         N/A       100%        4
 Fulminant Prism          Conj/Hex       0%         3d6       100%        4
 Iskenderun's Mystic Bla  Conj/Tloc      0%         2d3       100%        4
 Summon Lightning Spire   Summ/Air       0%         N/A       100%        4
 Alistair's Intoxication  Tmut/Pois      0%         N/A       100%        5
 Borgnjor's Vile Clutch   Necr/Erth      0%         N/A       100%        5
 Freezing Cloud           Conj/Ice/Air   0%         6-21      100%        5
 Lee's Rapid Deconstruct  Erth           0%         3d5*      100%        5
 Metabolic Englaciation   Hex/Ice        0%         N/A       100%        5
 Yara's Violent Unravell  Hex/Tmut       0%         3d3       100%        5
 Dispersal                Tloc           0%         N/A       100%        6
 Eringya's Noxious Bog    Tmut/Pois      0%         N/A       100%        6
 Simulacrum               Ice/Necr       0%         N/A       100%        6
 Enfeeble                 Hex            0%         N/A       100%        7
 Orb of Destruction       Conj           0%         9d5       100%        7
 Spellforged Servitor     Conj/Summ      0%         N/A       100%        7
 Storm Form               Tmut/Air       0%         N/A       100%        7
 Disjunction              Tloc           0%         N/A       100%        8
 Maxwell's Capacitive Co  Air            0%         ∞         100%        8


Dungeon Overview and Level Annotations

Branches:
Dungeon (15/15)            Temple (1/1) D:7            Lair (6/6) D:11
  Swamp (4/4) Lair:4       Spider (4/4) Lair:4        Slime (0/5) Lair:6
    Orc (2/2) D:10            Elf (0/3) Orc:2        Vaults (2/5) D:14
 Depths (0/4) D:15          IceCv (visited)
  Crypt: Vaults:2-3

Altars:
Ashenzari
Cheibriados
Dithmenos
Elyvilon
Fedhas
Gozag
Hepliaklqana
Kikubaaqudgha
Makhleb
Nemelex Xobeh
Okawaru
Qazlal
Ru
Sif Muna
Trog
Uskayaw
Vehumet
Wu Jian
Xom
Yredelemnul
Zin
The Shining One
Jiyva

Shops:
D:3 *   Orc:2 (=*?

Portals:
Pandemonium: Orc:2

Annotations:
D:3 1 exclusion, Ijyb
D:4 Eustachio, Sigmund
D:5 1 runed translucent door, dbhg's ghost, novice MiBe
D:15 1 runed translucent door, Boahovan's ghost, journeyman DsGl
Lair:5 1 runed translucent door, Vig Uhad's ghost, journeyman OpTm
Lair:6 4 runed translucent doors, SHADDY's ghost, journeyman TrMo
Swamp:1 2 transporters, Amet's ghost, journeyman MiBe
Spider:2 Arachne


Innate Abilities, Weirdness & Mutations

You are mostly covered in thin metallic scales. (AC +3)
You are powered by pain.
A meltable shield of frost defends you. (SH +4)
You punish those that try to bend your will. (Will+)
You have a sharp stinger which inflicts weakening toxins.
You have large cloven feet.
You passively map a small area around you.


Message History

The slime creature quivers.
The great orb of eyes bites you but does no damage.
The frost giant hits you with a +0 battleaxe of freezing!
* * * LOW HITPOINT WARNING * * *
The frost giant freezes you.
* * * LOW HITPOINT WARNING * * *
The slime creature quivers.
The ironbound preserver no longer looks unusually strong.
You impale the frost giant!! You freeze the frost giant.
Your tail-slap misses the frost giant.
The frost giant is moderately wounded.
You hear a shout!
The frost giant casts a spell at you. The bolt of cold misses you.
The ironbound preserver hits you with a +0 dire flail.
* * * LOW HITPOINT WARNING * * *
You bump into the stone wall.
The slime creature hits you.
* * * LOW HITPOINT WARNING * * *
The frost giant closely misses you.
You impale the frost giant!! You freeze the frost giant.
The frost giant is heavily wounded.
The ironbound preserver barely misses you.
The ironbound convoker casts a spell at the ironbound preserver.
The ironbound preserver seems to grow stronger.
You bump into the stone wall.
The slime creature misses you. The frost giant closely misses you.
Two slime creatures merge to form a large slime creature.
You hit the frost giant.
The frost giant is severely wounded.
The ironbound preserver casts a spell.
The ironbound preserver begins to accept its allies' injuries.
You impale the frost giant!! You freeze the frost giant.
The frost giant is severely wounded.
The slime creature quivers.
You barely miss the slime creature. You tail-slap the slime creature.
The slime creature looks weaker.
The slime creature is lightly wounded.
The frost giant gestures at you while chanting.
The bolt of cold hits you!!!
You die...

,, #.
###########,.....##.
############......##.
############{.....##.
##############'######
####.p§§§..{.....§...
####pGTJ§.{.{....(...
####pCJT..{.{........
####@JTp..{...{......
##############c######
#########...{..######
#########...cc.
**#########....c. * *
* , , * ,,, , ∆ , ,
,,* , , * , , ,, *
*,, , ,* , , , , , ,
, ,


You could see 2 ironbound preservers, a frost giant (sheltered), a vault warden
(sheltered), a great orb of eyes (sheltered), a large slime creature
(sheltered), 2 slime creatures, 3 deep trolls and an ironbound convoker
(sheltered).

Vanquished Creatures
  Jorgrun (D:13)
  A tentacled monstrosity (Swamp:1)
  Rupert (Spider:1)
  3 thorn hunters (Swamp:4)
  Agnes (Spider:1)
  Kirke (D:15)
  A fire giant (Vaults:2)
  A fenstrider witch (Swamp:3)
  8 vault wardens
  12 emperor scorpions
  Aizul (Spider:1)
  4 ghost moths
  2 orc warlords (Vaults:1)
  3 ghouls (Swamp:2)
  2 ironbound preservers (Vaults:1)
  A war gargoyle (Vaults:2)
  6 very ugly things
  3 broodmothers
  4 dire elephants (Vaults:1)
  A stone giant (Vaults:2)
  Nessos (Lair:5)
  An ironbound thunderhulk (Vaults:2)
  2 vampire knights
  An eleionoma (Swamp:1)
  3 entropy weavers
  7 spark wasps
  6 bunyips
  An ettin (Orc:1)
  Josephine (D:13)
  A yaktaur captain (Vaults:2)
  A great orb of eyes (Vaults:1)
  2 shambling mangroves (Swamp:4)
  A deep elf high priest (Vaults:1)
  Fannar (Lair:1)
  7 boulder beetles
  2 demonspawn (Orc:2)
  16 hydras
  4 ghost crabs
  3 spriggan air magi (Swamp:1)
  8 centaur warriors
  2 ogre magi
  2 radroaches
  5 jorogumos
  5 two-headed ogres
  6 vault guards
  3 catoblepae
  A peacekeeper (Vaults:2)
  Erica (Lair:1)
  15 death yaks
  7 alligators
  7 orc high priests (Orc:2)
  7 spriggans
  A spriggan berserker (Swamp:1)
  3 pharaoh ants
  A sun moth (Spider:4)
  A sixfirhy (Orc:2)
  4 skeletal warriors (D:14)
  11 goliath frogs
  8 steelbarb worms
  9 deep trolls
  11 orb spiders
  4 spriggan druids
  Pikel (D:6)
  A death drake (Swamp:1)
  4 lindwurms
  5 bog bodies
  5 spectral hydras (Swamp:4)
  7 swamp dragons
  A necromancer (D:15)
  A wolf spider zombie (D:15)
  4 ironbound convokers (Vaults:1)
  4 wizards
  8 orc knights
  22 ugly things
  3 oklob plants (Swamp:4)
  10 wolf spiders
  5 cyclopes
  5 orc sorcerers
  A deep elf zephyrmancer (D:15)
  A will-o-the-wisp (Swamp:1)
  6 moths of wrath
  11 elephants
  7 vault sentinels
  20 cane toads
  4 torpor snails
  2 black mambas (Lair:4)
  4 water nymphs (D:12)
  An unseen horror (D:13)
  4 komodo dragons
  An efreet (D:15)
  8 demonic crawlers
  12 yaktaurs
  4 freezing wraiths
  3 hydra zombies (Swamp:4)
  2 ice devils (IceCv)
  3 meliai (Spider:2)
  10 tyrant leeches
  A red devil (Orc:2)
  2 polar bears
  6 death drake zombies (Swamp:4)
  20 tarantellas
  A troll (D:12)
  16 slime creatures
  A wolf spider simulacrum (D:15)
  Prince Ribbit (D:5)
  32 blink frogs
  9 hornets
  5 wraiths (D:13)
  18 jumping spiders
  3 wyverns
  43 yaks
  10 culicivoras
  A fire elemental (D:12)
  4 hogs
  6 basilisks
  16 vampire mosquitoes
  3 steam dragons
  48 redbacks
  2 wargs
  17 water moccasins
  A hydra simulacrum (Swamp:4)
  An acid dragon (D:11)
  4 hell hounds (D:12)
  14 swamp worms
  Duvessa (D:4)
  2 ice beasts
  A sky beast (D:5)
  5 black bears
  28 orc warriors
  6 swamp drakes
  20 wolves
  5 necrophages
  2 swamp dragon zombies (Swamp:4)
  9 ogres
  2 lemures (D:6)
  20 centaurs
  A phantom (D:7)
  3 kobold brigands
  12 bullfrogs
  A two-headed ogre simulacrum (IceCv)
  A gnoll sergeant (D:11)
  6 scorpions
  Dowan (D:4)
  8 killer bees
  3 howler monkeys
  13 wights
  3 electric eels
  5 centaur zombies
  5 hounds
  A jelly (D:6)
  A lava snake (Lair:4)
  3 bullfrog skeletons
  A gnoll shaman (D:8)
  17 orc priests (Orc:2)
  3 centaur skeletons (D:6)
  4 iguanas
  7 orc wizards
  Natasha (twice) (D:2)
  2 killer bee zombies
  A hound skeleton (D:4)
  2 howler monkey zombies
  2 howler monkey skeletons (D:6)
  11 gnolls
  8 adders
  2 shadow imps
  13 white imps
  An ufetubus (IceCv)
  An adder skeleton (D:4)
  A worm (D:5)
  A dart slug (D:1)
  46 orcs
  6 ball pythons
  6 endoplasms
  4 giant cockroaches
  10 goblins
  6 hobgoblins
  13 kobolds
  3 quokkas
  4 bats
  3 frilled lizards
  3 rats
  3 briar patches (Swamp:4)
  A butterfly (D:7)
1070 creatures vanquished.

Vanquished Creatures (collateral kills)
  Azrael (D:12)
  Urug (D:10)
2 creatures vanquished.

Vanquished Creatures (others)
  A pharaoh ant (Spider:1)
  A goliath frog (Swamp:3)
  3 bloated husks
  A human (D:15)
  A butterfly (Lair:5)
  4 foxfires (Swamp:1)
  68 fungi
  162 plants
241 creatures vanquished.

Grand Total: 1313 creatures vanquished

Notes
Turn   | Place    | Note
-------+----------+-------------------------------------------
     0 | D:1      | mattj7820 the Demonspawn Gladiator began the quest for the
                  | Orb.
     0 | D:1      | Reached XP level 1. HP: 16/16 MP: 1/1
   208 | D:1      | Reached skill level 1 in Stealth
   433 | D:1      | Gained mutation: A meltable shield of frost defends you.
                  | (SH +4) [demonic ancestry]
   433 | D:1      | Reached XP level 2. HP: 20/22 MP: 2/2
   470 | D:1      | Found a faded altar of an unknown god.
  1273 | D:2      | Gained mutation: You are partially covered in thin metallic
                  | scales. (AC +2) [demonic ancestry]
  1273 | D:2      | Reached XP level 3. HP: 28/28 MP: 3/3
  1579 | D:2      | Gained mutation: You have a small tail. [demonic ancestry]
  1579 | D:2      | Reached XP level 4. HP: 34/34 MP: 4/4
  1661 | D:2      | Reached skill level 3 in Fighting
  1721 | D:2      | Noticed Natasha
  1727 | D:2      | Killed Natasha
  1919 | D:2      | Noticed Natasha
  1929 | D:2      | Killed Natasha
  2152 | D:3      | Noticed Ijyb
  2297 | D:3      | Found Urolin's General Store.
  2312 | D:3      | Reached XP level 5. HP: 41/41 MP: 5/5
  3136 | D:4      | Reached skill level 4 in Fighting
  3442 | D:4      | You fall into a shaft and drop 2 floors!
  3458 | D:6      | Gained mutation: You sometimes gain a little power by
                  | taking damage. [demonic ancestry]
  3458 | D:6      | Reached XP level 6. HP: 25/49 MP: 6/6
  3675 | D:6      | Noticed Pikel
  3678 | D:6      | Found a sand-covered staircase.
  3705 | D:5      | Entered Level 5 of the Dungeon
  3739 | D:5      | Reached skill level 5 in Fighting
  3739 | D:5      | Reached skill level 5 in Polearms
  3757 | D:5      | Gained mutation: You are mostly covered in thin metallic
                  | scales. (AC +3) [demonic ancestry]
  3757 | D:5      | Reached XP level 7. HP: 19/56 MP: 7/7
  3971 | D:5      | Identified the +3 hunting sling of Bosy {venom, Str+3
                  | Dex+4}
  4096 | D:4      | Noticed Dowan
  4151 | D:4      | Noticed Duvessa
  4170 | D:4      | Killed Duvessa
  4171 | D:4      | Reached skill level 1 in Armour
  4177 | D:4      | Killed Dowan
  4383 | D:4      | Noticed Eustachio
  4384 | D:4      | Gained mutation: You are clumsy. (Dex -2) [potion of
                  | mutation]
  4384 | D:4      | Gained mutation: You occasionally shout uncontrollably at
                  | your foes. [potion of mutation]
  4384 | D:4      | Gained mutation: You passively dampen the noise of your
                  | surroundings. [potion of mutation]
  4388 | D:4      | Noticed Sigmund
  4583 | D:4      | Reached skill level 6 in Fighting
  4758 | D:5      | Gained mutation: You sometimes gain power by taking damage.
                  | [demonic ancestry]
  4758 | D:5      | Reached XP level 8. HP: 64/64 MP: 8/8
  4806 | D:5      | Found a runed translucent door.
  4815 | D:5      | Reached skill level 1 in Slings
  4815 | D:5      | Reached skill level 1 in Evocations
  4880 | D:5      | Noticed dbhg's ghost (novice MiBe)
  5192 | D:5      | Noticed Prince Ribbit
  5983 | D:6      | Reached XP level 9. HP: 71/71 MP: 9/9
  6072 | D:6      | Reached skill level 7 in Fighting
  6477 | D:7      | Reached skill level 5 in Dodging
  7186 | D:6      | HP: 2/68 [wight/+0 scimitar (2)]
  7650 | D:7      | Found a broken altar of Ashenzari.
  7653 | D:7      | Became a worshipper of Ashenzari the Shackled
  7721 | D:7      | Found a staircase to the Ecumenical Temple.
  7736 | Temple   | Entered the Ecumenical Temple
  8766 | D:8      | Gained mutation: You have a tail ending in a sharp stinger.
                  | [demonic ancestry]
  8766 | D:8      | Reached XP level 10. HP: 70/77 MP: 10/10
  8941 | D:8      | Noticed a two-headed ogre
  9325 | D:8      | Killed a two-headed ogre
  9326 | D:8      | Reached skill level 8 in Fighting
  9326 | D:8      | Reached skill level 5 in Armour
  9326 | D:8      | Reached skill level 5 in Evocations
  9419 | D:8      | Identified the +4 flail of Ru's Indignation {vamp, +Blink
                  | rF+ Int-5 Dex+3 SInv}
 10368 | D:9      | Reached skill level 5 in Slings
 10801 | D:10     | Entered Level 10 of the Dungeon
 10860 | D:10     | Reached * piety under Ashenzari
 10935 | D:10     | Found a staircase to the Orcish Mines.
 11330 | D:10     | Reached skill level 9 in Fighting
 11469 | D:10     | Noticed Urug
 11483 | D:10     | Killed Urug
 11484 | D:10     | Reached XP level 11. HP: 69/89 MP: 11/11
 11792 | D:10     | Reached ** piety under Ashenzari
 12167 | D:11     | Noticed a five-headed hydra
 12405 | D:11     | Killed a five-headed hydra
 12672 | D:11     | Found a staircase to the Lair.
 12732 | D:11     | Noticed a boulder beetle
 12746 | D:11     | Killed a boulder beetle
 13739 | D:6      | Killed Pikel
 13825 | D:5      | Killed Prince Ribbit
 13941 | D:3      | Bought a scroll of summoning for 104 gold pieces
 14081 | Lair:1   | Entered Level 1 of the Lair of Beasts
 14135 | Lair:1   | Found a frozen archway.
 14280 | IceCv    | Entered an ice cave
 15358 | Lair:2   | Noticed an eight-headed hydra
 15409 | Lair:2   | Killed an eight-headed hydra
 15461 | Lair:2   | Reached skill level 10 in Fighting
 15471 | Lair:2   | Noticed Fannar
 15509 | Lair:1   | Killed Fannar
 15510 | Lair:1   | Reached *** piety under Ashenzari
 15510 | Lair:1   | Gained mutation: You have a sharp stinger which inflicts
                  | weakening toxins. [demonic ancestry]
 15510 | Lair:1   | Reached XP level 12. HP: 62/101 MP: 12/12
 15801 | Lair:2   | Noticed Erica
 15846 | Lair:1   | Killed Erica
 16712 | Lair:2   | Noticed a catoblepas
 16729 | Lair:2   | Killed a catoblepas
 16947 | Lair:3   | Noticed a death yak
 17035 | Lair:3   | Killed a death yak
 17036 | Lair:3   | Noticed a death yak
 17037 | Lair:3   | Noticed a death yak
 17043 | Lair:3   | Noticed a death yak
 17061 | Lair:2   | Killed a death yak
 17180 | Lair:2   | Killed a death yak
 17353 | Lair:3   | Killed a death yak
 18045 | Lair:3   | Noticed a six-headed hydra
 18068 | Lair:3   | Killed a six-headed hydra
 18069 | Lair:3   | Reached skill level 11 in Fighting
 18894 | Lair:4   | Gained mutation: You are powered by pain. [demonic
                  | ancestry]
 18894 | Lair:4   | Reached XP level 13. HP: 74/109 MP: 13/13
 20233 | Lair:4   | Found a staircase to the Swamp.
 20461 | Lair:4   | Found a hole to the Spider Nest.
 20699 | Lair:5   | Reached **** piety under Ashenzari
 20737 | Lair:5   | Noticed Nessos
 20757 | Lair:5   | Killed Nessos
 21206 | Lair:5   | Reached ***** piety under Ashenzari
 21723 | Lair:5   | Found a runed translucent door.
 21743 | Lair:5   | Noticed Vig Uhad's ghost (journeyman OpTm)
 21743 | Lair:5   | Identified the +7 whip "Juil" {venom, MP+9}
 21871 | Lair:6   | Entered Level 6 of the Lair of Beasts
 22679 | Lair:5   | Reached skill level 10 in Polearms
 22990 | Lair:5   | Reached skill level 10 in Dodging
 23550 | Lair:6   | Reached skill level 12 in Fighting
 23792 | Lair:6   | Reached skill level 1 in Shields
 23798 | Lair:6   | Reached XP level 14. HP: 97/123 MP: 14/14
 24498 | Lair:6   | Lost mutation: You occasionally shout uncontrollably at
                  | your foes. [potion of mutation]
 24498 | Lair:6   | Lost mutation: You are clumsy. (Dex -2) [potion of
                  | mutation]
 24498 | Lair:6   | Lost mutation: You passively dampen the noise of your
                  | surroundings. [potion of mutation]
 24498 | Lair:6   | Gained mutation: You have large cloven feet. [potion of
                  | mutation]
 24498 | Lair:6   | Gained mutation: Your system is resistant to poisons.
                  | (rPois) [potion of mutation]
 24501 | Lair:6   | Reached skill level 10 in Armour
 24807 | Lair:6   | Identified the +2 chain mail of Menke {Str+2 SInv}
 25223 | Lair:6   | Reached skill level 10 in Slings
 25257 | Lair:6   | Found a runed translucent door.
 25259 | Lair:6   | Found a viscous altar of Jiyva.
 25259 | Lair:6   | Found a staircase to the Slime Pits.
 25289 | Lair:6   | Noticed an acid blob
 25290 | Lair:6   | Noticed an azure jelly
 25291 | Lair:6   | Found a runed translucent gate.
 25291 | Lair:6   | Found a runed translucent gate.
 25291 | Lair:6   | Found a runed translucent gate.
 25291 | Lair:6   | Noticed an azure jelly
 25291 | Lair:6   | Noticed an acid blob
 25291 | Lair:6   | Noticed an acid blob
 25291 | Lair:6   | Noticed an acid blob
 25291 | Lair:6   | Noticed an azure jelly
 25291 | Lair:6   | Noticed a quicksilver ooze
 25292 | Lair:6   | Noticed SHADDY's ghost (journeyman TrMo)
 25292 | Lair:6   | Noticed an azure jelly
 26501 | Lair:6   | Found a viscous altar of Jiyva.
 26768 | D:12     | Reached ****** piety under Ashenzari
 27054 | D:12     | Noticed Azrael
 28156 | D:12     | Killed Azrael
 28494 | D:13     | Noticed Jorgrun
 28743 | D:13     | Found an opulent altar of Gozag.
 28949 | D:13     | Noticed Josephine
 28968 | D:13     | Killed Josephine
 29045 | D:13     | Reached skill level 13 in Fighting
 29136 | D:13     | Killed Jorgrun
 29530 | D:13     | Reached XP level 15. HP: 116/133 MP: 15/15
 31860 | D:14     | Found a gate to the Vaults.
 32305 | D:15     | Entered Level 15 of the Dungeon
 32432 | D:15     | Found a shimmering blue altar of Sif Muna.
 32617 | D:15     | Noticed Kirke
 33452 | D:15     | Found a runed translucent door.
 33452 | D:15     | Found the amulet of the Four Winds {rN+ Will+++ Clar}
 33682 | D:15     | Identified the cursed +0 helmet of Ashenzari's Visionary
                  | {Fort, Bglg}
 33682 | D:15     | Identified the cursed +0 pair of gloves of Ashenzari's
                  | Sophism {Range, Elem} (You found it on level 5 of the
                  | Dungeon)
 33682 | D:15     | Identified the cursed +0 pair of boots "Revealing Paranoia"
                  | {Range, Cun} (You found it on level 2 of the Lair of
                  | Beasts)
 33682 | D:15     | Identified the cursed +0 buckler "Behold Eternity" {Alch,
                  | Melee} (You found it on level 6 of the Lair of Beasts)
 33682 | D:15     | Identified the cursed +2 leather armour of Ashenzari's
                  | Morality {rPois, Cun, Self} (You took it off Duvessa on
                  | level 4 of the Dungeon)
 33682 | D:15     | Identified the cursed ring "Eternal Together" {rCorr,
                  | Melee, Evo} (You found it on level 4 of the Dungeon)
 33682 | D:15     | Identified the cursed ring "Tethered Affliction" {Will+,
                  | Melee, Range} (You found it on level 10 of the Dungeon)
 33686 | D:15     | Killed Kirke
 34163 | D:15     | Found a staircase to the Depths.
 34278 | D:15     | Noticed Boahovan's ghost (journeyman DsGl)
 34421 | Orc:1    | Entered Level 1 of the Orcish Mines
 34516 | Orc:2    | Entered Level 2 of the Orcish Mines
 35050 | Orc:2    | Found a staircase to the Elven Halls.
 35085 | Orc:2    | Found Powoi's General Store.
 35085 | Orc:2    | Found Peelioz's Magic Scroll Shop.
 35594 | Orc:2    | Found Teunurch's Antique Weapon Shoppe.
 35625 | Orc:2    | Found Paohuf's Jewellery Emporium.
 35710 | Orc:2    | Bought a scroll of fear for 45 gold pieces
 35710 | Orc:2    | Bought a scroll of magic mapping for 45 gold pieces
 35710 | Orc:2    | Bought a scroll of magic mapping for 45 gold pieces
 35710 | Orc:2    | Bought a scroll of brand weapon for 260 gold pieces
 35710 | Orc:2    | Bought a scroll of teleportation for 39 gold pieces
 35755 | Orc:2    | Found a one-way gate leading to the halls of Pandemonium.
 37413 | Swamp:1  | Entered Level 1 of the Swamp
 37428 | Swamp:1  | Noticed a tentacled monstrosity
 37493 | Spider:1 | Entered Level 1 of the Spider Nest
 37510 | Spider:1 | Gained mutation: You punish those that try to bend your
                  | will. (Will+) [demonic ancestry]
 37510 | Spider:1 | Reached XP level 16. HP: 118/138 MP: 16/16
 37984 | Spider:1 | Noticed Agnes
 38000 | Spider:1 | Killed Agnes
 38506 | Spider:1 | Noticed Rupert
 38532 | Spider:1 | Killed Rupert
 38533 | Spider:1 | Reached skill level 14 in Fighting
 39457 | Spider:1 | Gained mutation: You occasionally shout uncontrollably at
                  | your foes. [mutagenic glow]
 39476 | Spider:1 | Gained mutation: You are frail. (-10% HP) [mutagenic glow]
 40098 | Spider:1 | Noticed Aizul
 42451 | Spider:2 | Noticed Arachne
 42952 | Spider:2 | Lost mutation: You occasionally shout uncontrollably at
                  | your foes. [potion of mutation]
 42952 | Spider:2 | Lost mutation: You are frail. (-10% HP) [potion of
                  | mutation]
 42952 | Spider:2 | Lost mutation: Your system is resistant to poisons. (rPois)
                  | [potion of mutation]
 42952 | Spider:2 | Gained mutation: You passively map a small area around you.
                  | [potion of mutation]
 43838 | Spider:3 | Identified the +2 ring mail of the Shoals {rElec rPois
                  | Will-}
 45451 | Spider:4 | Entered Level 4 of the Spider Nest
 46515 | Spider:4 | Identified the +9 trident "Zienigung" {vorpal, Dex+3}
 46537 | Spider:4 | Reached skill level 15 in Fighting
 46836 | Spider:3 | Reached XP level 17. HP: 125/151 MP: 17/17
 50342 | Spider:4 | Reached skill level 10 in Evocations
 50524 | Spider:4 | Got a gossamer rune of Zot
 50870 | Spider:1 | Killed Aizul
 51540 | Swamp:1  | Killed a tentacled monstrosity
 52668 | Swamp:1  | Reached skill level 16 in Fighting
 53009 | Swamp:1  | Noticed Amet's ghost (journeyman MiBe)
 53010 | Swamp:1  | Identified the +1 pair of gloves of Ashenzari's Reproof
                  | {rC+ Int-2 SInv Stlth+}
 53118 | Swamp:1  | Found a transporter.
 53122 | Swamp:1  | Found a transporter.
 53606 | Swamp:1  | HP: 7/155 [poison (poison gas)]
 53611 | Swamp:1  | HP: 4/155 [poison (poison gas)]
 56452 | Swamp:3  | Reached XP level 18. HP: 162/162 MP: 18/18
 56807 | Swamp:3  | Identified Easy Theurgy
 56899 | Swamp:4  | Entered Level 4 of the Swamp
 59877 | Swamp:4  | Reached skill level 17 in Fighting
 61614 | Swamp:4  | Found a blossoming altar of Fedhas.
 61622 | Swamp:4  | Found a basalt altar of Yredelemnul.
 61636 | Swamp:4  | Got a decaying rune of Zot
 62366 | Vaults:1 | Entered Level 1 of the Vaults
 64568 | Vaults:1 | Reached XP level 19. HP: 160/173 MP: 19/19
 65262 | Vaults:2 | Reached skill level 18 in Fighting
 66165 | Vaults:2 | HP: 1/159 [slime creature (15)]
 66179 | Vaults:2 | HP: 5/159 [frost giant/+0 battleaxe of freezing (9)]
 66187 | Vaults:2 | Killed from afar by a frost giant

Illustrated notes

Levels and vault maps discovered:
D:1:      minmay_arrival_diagonal_passages, layout_basic,
          shapermc_ecumenical_altar_pompeii
D:2:      layout_loops_corners, minmay_misc_feat_nine_boxes,
          serial_bayou_lagoon_a, uniq_natasha
D:3:      layout_basic, serial_shops, shop, uniq_ijyb
D:4:      layout_basic, uniq_eustachio, uniq_duvessa, uniq_sigmund
D:5:      layout_cave_pools, ebering_ghost_reflecting_pool, uniq_prince_ribbit1
D:6:      minmay_bubble_buster, layout_basic, nicolae_ossuary_entry_monument,
          uniq_pikel
D:7:      layout_loops_cross, overflow_temple_1_default,
          minmay_temple_entry_butterflies
D:8:      layout_basic, enter_bailey_3
D:9:      layout_gridville
D:10:     layout_layer_cave, david_orc_2, uniq_urug
D:11:     layout_irregular_city, due_lair_maze_entry_diamond
D:12:     layout_basic, hangedman_abyss_or_decor_lesser_grid,
          nicolae_splish_splash, uniq_azrael
D:13:     layout_basic, grunt_gozag_statues, uniq_josephine, uniq_jorgrun
D:14:     layout_loops_corners, david_vaults_4, minmay_crystal_room
D:15:     grunt_enter_depths_magical_seal, layout_loops_ring,
          gammafunk_ghost_grave, nicolae_sif_muna_condensation,
          minmay_diced_spiral, uniq_kirke
Temple:   dpeg_three_leaves_temple
Lair:1:   layout_regular_city, portal_ice_cave_entry_imps
Lair:2:   layout_regular_city, lemuel_fruit_tree, grunt_megastairs_5,
          uniq_fannar, uniq_erica
Lair:3:   layout_regular_city
Lair:4:   layout_gridlike, nicolae_swamp_entry_splash_gauntlet,
          nicolae_spider_entry_orb_guardian
Lair:5:   layout_roguey, ebering_ghost_reflecting_pool, lemuel_fruit_fields,
          serial_bayou_shore_a, grunt_megastairs_2, lemuel_fruit_fields,
          uniq_nessos
Lair:6:   minmay_lair_end_frog_pond, layout_loops_ring, slime_altar_2,
          gammafunk_ghost_ooze, gauntlet_entry_generic,
          grunt_forest_small_clearings
Swamp:1:  layout_falls_marsh, gammafunk_ghost_arena,
          evilmike_swamp_ruin_house_4, infiniplex_staircase_pool_2
Swamp:2:  layout_falls_marsh, evilmike_swamp_ruin_house_1, swamp_pool3
Swamp:3:  layout_falls_marsh, evilmike_swamp_ruin_house_6,
          nicolae_swamp_catching_bugs
Swamp:4:  byrel_swamp_growth_death_and_undeath, layout_basic_swamp,
          cheibrodos_swamp_witchery
Spider:1: layout_spider_delve, uniq_rupert, uniq_agnes, uniq_aizul
Spider:2: layout_chambers, uniq_arachne
Spider:3: layout_cave_pods, nicolae_spider_cling_halls
Spider:4: guppyfry_spider_rune, nicolae_spider_webs_and_nodes,
          nicolae_spider_eight_legs
Orc:1:    layout_caves
Orc:2:    pf_orc_diabolical, layout_caves
Vaults:1: grunt_vaults_swirl, st_lines, grunt_vaults_hallway_long,
          nicolae_vaults_network_periphery, v_rooms_4, grunt_vaults_trifunnel,
          vaults_mumra_lcd, v_misc_33, layout_vaults_chaotic_city
Vaults:2: hangedman_vaults_restitches, dpeg_vaults_monster_row, v_misc_4,
          minmay_crypt_entry_skeletal_spiral, ontoclasm_vaults_eye,
          st_quartered_hall, nicolae_vaults_network_barrier, vaults_room_grid,
          ontoclasm_vaults_shuriken, ontoclasm_vaults_ligature,
          grunt_vaults_diagonal, v_misc_28, layout_vaults_omnicross

Skill      XL: |  1  2  3  4  5  6  7  8  9 10 11 12 13 14 15 16 17 18 19 |
---------------+----------------------------------------------------------+-----
Stealth        | 1 2 |  2.0
Polearms       | 3 4 5 7 8 9 10 11 12 13 14 | 14.0
Fighting       | 3 4 5 6 7 9 10 11 12 13 15 16 17 18 | 18.1
Armour         | 1 3 4 6 7 8 9 10 11 12 13 14 | 14.1
Dodging        | 3 4 5 6 8 9 10 11 12 13 14 | 14.3
Slings         | 2 4 5 7 8 9 10 11 | 11.9
Evocations     | 3 4 5 7 9 10 11 | 11.9
Shields        | 1 |  1.7
Throwing       | |  1.7

Action                   |  1- 3 |  4- 6 |  7- 9 | 10-12 | 13-15 | 16-18 | 19-21 || total
-------------------------+-------+-------+-------+-------+-------+-------+-------++-------
Melee: Trident           |    97 |   148 |   142 |       |       |       |       ||   387
       Tailslap          |       |    24 |    52 |    23 |       |   369 |    29 ||   497
       Punch             |       |     2 |     3 |     1 |       |       |       ||     6
       Spear             |       |       |   267 |   130 |       |       |       ||   397
       Demon trident     |       |       |       |       |       |  1733 |   138 ||  1871
 Fire: Hunting sling     |       |       |   127 |   894 |  2535 |   516 |       ||  4072
Throw: Throwing net      |       |       |     2 |       |       |     3 |       ||     5
Invok: Curse Item        |       |       |       |     4 |     5 |     2 |       ||    11
       Shatter the Chain |       |       |       |       |     1 |     1 |       ||     2
Evoke: Wand              |       |       |       |       |     5 |    19 |       ||    24
       Condenser vane    |       |       |       |       |       |     1 |     1 ||     2
  Use: Scroll            |       |     3 |     7 |     5 |     8 |    15 |     8 ||    46
       Potion            |       |     1 |     5 |       |     4 |    12 |     6 ||    28
 Stab: Sleeping          |     3 |       |     4 |       |       |       |       ||     7
       Held in net/web   |       |       |     1 |       |       |       |       ||     1
       Distracted        |       |       |       |       |       |     1 |       ||     1
       Confused          |       |       |       |       |       |     1 |       ||     1
Armor: Leather armour    |     9 |       |    84 |   107 |   131 |       |       ||   331
       Ring mail         |    11 |    44 |     8 |       |       |       |       ||    63
       Skin              |       |       |     9 |       |       |       |       ||     9
       Chain mail        |       |       |       |       |       |  1006 |    51 ||  1057
Dodge: Dodged            |    36 |    67 |   181 |   229 |   480 |  1054 |    76 ||  2123
Block: Other             |    15 |    68 |   139 |   178 |    90 |       |       ||   490
       Reflection        |       |       |     5 |    10 |    35 |    27 |     8 ||    85
       Buckler           |       |       |       |       |   403 |  1304 |    76 ||  1783
